 Dungeon Crawl Stone Soup version 0.27-a0-1147-gb3d8e82157 (webtiles) character file.

Game seed: 793230408561165927

9 garrulousMonolith the Skirmisher (level 2, 0/24 HPs)
             Began as a Demonspawn Fighter on May 12, 2021.
             Killed by divine providence
             ... invoked by an orc priest
              (16 damage)
             ... on level 2 of the Dungeon.
             The game lasted 00:00:52 (462 turns).

garrulousMonolith the Skirmisher (DsFi)              Turns: 462, Time: 00:00:53

Health: 0/24       AC:  6    Str: 16    XL:     2   Next: 6%
Magic:  2/2        EV:  7    Int:  9    God:
Gold:   28         SH:  8    Dex: 12    Spells: 1/1 levels left

rFire    . . .     SeeInvis .   a - +0 long sword
rCold    . . .     Faith    .   c - +0 kite shield
rNeg     . . .     Spirit   .   b - +0 scale mail
rPois    .         Reflect  .   (no helmet)
rElec    .         Harm     .   (no cloak)
rCorr    .         Rampage  .   (no gloves)
Will     .....                  (no boots)
Stlth    ..........             (no amulet)
HPRegen  0.08/turn              (no ring)
MPRegen  0.08/turn              (no ring)

@: no status effects
A: demonic magic 1
a: no special abilities


You were on level 2 of the Dungeon.
You visited 1 branch of the dungeon, and saw 2 of its levels.

You collected 28 gold pieces.

Inventory:

Hand Weapons
 a - a +0 long sword (weapon)
Armour
 b - a +0 scale mail (worn)
 c - a +0 kite shield (worn)
Scrolls
 f - a scroll of brand weapon {unknown}
 g - a scroll of identify {unknown}
Potions
 d - a potion of might
 e - a potion of attraction {unknown}


   Skills:
 + Level 3.0 Fighting
 * Level 2.1 Long Blades
 + Level 2.8 Armour
 + Level 0.3 Dodging
 + Level 2.7 Shields


You had one spell level left.
You didn't know any spells.
Your spell library was empty.

Dungeon Overview and Level Annotations

Branches:
Dungeon (1/15)

Altars:


Innate Abilities, Weirdness & Mutations

Spells you cast may paralyse adjacent enemies.


Message History

The shaft crumbles and collapses.
An ogre comes into view. It is wielding a +0 giant spiked club.
The ogre shouts!
Found 30 arrows and a scroll labelled FYPEIDO BUUSK.
Found a scroll labelled OKIOTO TOTAEC.
You see here a scroll labelled FYPEIDO BUUSK.
f - a scroll labelled FYPEIDO BUUSK
Found a stone staircase leading down.
You see here a scroll labelled OKIOTO TOTAEC.
g - a scroll labelled OKIOTO TOTAEC You open the door.
There is an open door here.
You close the door.
An ogre opens the door.
A quokka comes into view.
You block the quokka's attack. The ogre barely misses you.
You riposte.
You barely miss the ogre. The quokka bites you. The quokka closely misses you.
You riposte.
You hit the quokka.
The quokka is severely wounded.
The quokka bites you but does no damage.
Found a scroll labelled OKIOTO TOTAEC.
An orc priest comes into view. It is wielding a +0 hand axe.
An orc comes into view. It is wielding a +0 flail.
The orc shouts!
You hear a shout!
You hear an angry hiss.
An orc comes into view. It is wielding a +0 club.
The orc shouts!
You hear a shout!
An adder comes into view.
You open the door. The quokka closely misses you.
There is an open door here.
The orc priest calls down the wrath of Beogh upon you.
Beogh smites you! You block the quokka's attack.
The orc priest looks braver for a moment.
The quokka closely misses you.
You riposte.
You hit the quokka but do no damage.
The quokka is heavily wounded.
The orc priest calls down the wrath of Beogh upon you.
Beogh smites you!
Ouch! That really hurt!
You die...

##### ####### #..?#
......###################...#####
......'.........@r.O..oS'o.......
......#####....##########........
......# #....# #....###. #######
#....# #..o.# #
#########....####### #...o# #
#............##....# #....#
###............##....#####.#S#
....O..................O...#...
###.............#######..###.###


You could see an ogre, an orc priest, an adder and a quokka.

Vanquished Creatures
  2 bats (D:1)
  3 goblins (D:1)
  A hobgoblin (D:1)
  2 kobolds (D:1)
8 creatures vanquished.

Notes
Turn   | Place    | Note
-------+----------+-------------------------------------------
     0 | D:1      | garrulousMonolith the Demonspawn Fighter began the quest
                  | for the Orb.
     0 | D:1      | Reached XP level 1. HP: 18/18 MP: 1/1
   368 | D:1      | Gained mutation: Spells you cast may paralyse adjacent
                  | enemies. [demonic ancestry]
   368 | D:1      | Reached XP level 2. HP: 24/24 MP: 2/2
   392 | D:1      | You fall into a shaft and drop 1 floor!
   392 | D:2      | Noticed an ogre
   462 | D:2      | Killed from afar by an orc priest

Illustrated notes

Levels and vault maps discovered:
D:1:      minmay_arrival_glassed_features, layout_basic,
          shapermc_ecumenical_altar_totnotflames, minmay_misc_feat_diagonals
D:2:      layout_basic, serial_glass, glass_columns_b, glass_columns_a,
          feat_on_display, item_on_display_a, item_on_display_a, basic_altar

Skill      XL: |  1 |
---------------+----+-----
Long Blades    | 2 |  2.1
Fighting       | |  3.0
Armour         | |  2.8
Dodging        | |  0.3
Shields        | |  2.7

Action                   || total
-------------------------++-------
Melee: Long sword        ||    26
Armor: Scale mail        ||    25
Dodge: Dodged            ||    17
Block: Kite shield       ||    21
       Rpst.: Long sword ||     6

Table legend: (Time is in decaauts)
 A = Elapsed time spent in this place.
 B = Non-inter-level travel time spent in this place.
 C = Inter-level travel time spent in this place.
 D = Time resting spent in this place.
 E = Time spent auto-exploring this place.
 F = Levels seen in this place.
 G = Mean time per level.
                   A        B        C        D        E       F      G
               +--------+--------+--------+--------+--------+-----+--------+
         Total |    476 |    476 |      0 |    197 |    150 |   2 |  238.0 |
       Dungeon |    476 |    476 |      0 |    197 |    150 |   2 |  238.0 |
               +--------+--------+--------+--------+--------+-----+--------+

Top non-repeatable levels by time:
     D:1: 406 daAuts
     D:2: 69 daAuts
